 Dungeon Crawl Stone Soup version 0.25-a0-1007-g10a8c3caa8 (webtiles) character file.

Game seed: 801815971151932430, levelgen mode: deterministic

9440 Flugslaktarn the Cleaver (level 11, -1/99 HPs)
             Began as a Minotaur Fighter on May 11, 2020.
             Was an Initiate of Gozag.
             Slain by Zorot's ghost (2 damage)
             ... on level 10 of the Dungeon.
             The game lasted 00:03:57 (7746 turns).

Flugslaktarn the Cleaver (Minotaur Fighter)         Turns: 7746, Time: 00:03:58

Health: -1/99      AC: 21    Str: 20    XL:     11   Next: 23%
Magic:  10/10      EV:  5    Int:  5    God:    Gozag
Gold:   1458       SH: 12    Dex: 18    Spells: 10/10 levels left

rFire    . . .     SeeInvis .   g - +8 broad axe of the Lair of Beasts {vorpal, rN+ Dex+4}
rCold    . . .     Gourm    .   c - +0 kite shield
rNeg     + . .     Faith    .   h - +0 plate armour
rPois    .         Spirit   .   (helmet restricted)
rElec    .         Reflect  .   n - +0 cloak
rCorr    .         Harm     .   j - +2 pair of gloves
MR       .....                  i - +1 pair of boots
Stlth    ..........             (no amulet)
HPRegen  0.26/turn              (no ring)
MPRegen  0.12/turn              (no ring)

@: gold aura, slowed, very slow
A: retaliatory headbutt, horns 2
a: Potion Petition, Call Merchant, Bribe Branch, Renounce Religion


You were on level 10 of the Dungeon.
You worshipped Gozag.
Gozag was most pleased with you.
You were hungry.

You visited 2 branches of the dungeon, and saw 11 of its levels.

You collected 1564 gold pieces.
You paid 106 gold pieces to Gozag.

Inventory:

Hand Weapons
 a - a +0 war axe
 g - the +8 broad axe of the Lair of Beasts (weapon) {vorpal, rN+ Dex+4}
   (You found it on level 8 of the Dungeon)

   It inflicts extra damage upon your enemies.
   It affects your dexterity (+4).
   It protects you from negative energy.
 A - a +3 vampiric war axe
   (You found it on level 6 of the Dungeon)
Armour
 c - a +0 kite shield (worn)
 h - a +0 plate armour (worn)
   (You found it on level 1 of the Dungeon)
 i - a +1 pair of boots (worn)
   (You found it on level 4 of the Dungeon)
 j - a +2 pair of gloves (worn)
   (You found it on level 1 of the Dungeon)
 n - a +0 cloak (worn)
   (You found it on level 2 of the Dungeon)
Wands
 k - a wand of iceblast (15)
   (You found it on level 8 of the Dungeon)
 o - a wand of acid (12)
   (You found it on level 9 of the Dungeon)
 v - a wand of enslavement (11)
   (You took it off Ijyb on level 5 of the Dungeon)
Scrolls
 b - a scroll of magic mapping {unknown}
 r - a scroll of identify
 t - 10 scrolls of teleportation
 x - 2 scrolls of remove curse
 z - 2 scrolls of blinking
Potions
 d - a potion of might
 f - 2 potions of invisibility
 l - a potion of stabbing {unknown}
 m - 4 potions of lignification
 p - 4 potions of mutation
 q - 4 potions of curing
 s - a potion of magic
 u - a potion of flight
 w - 3 potions of heal wounds
 B - a potion of ambrosia
Comestibles
 e - 15 rations


   Skills:
 + Level 10.1 Fighting
 * Level 13.1 Axes
 + Level 10.1 Armour
 + Level 10.2 Shields


You had 10 spell levels left.
You didn't know any spells.
Your spell library was empty.

Dungeon Overview and Level Annotations

Branches:
Dungeon (10/15)            Temple (1/1) D:6            Lair (0/6) D:10
    Orc: D:9-12

Altars:
Ashenzari
Cheibriados
Dithmenos
Elyvilon
Fedhas
Gozag
Hepliaklqana
Kikubaaqudgha
Makhleb
Nemelex Xobeh
Okawaru
Qazlal
Ru
Sif Muna
Trog
Uskayaw
Vehumet
Wu Jian
Xom
Yredelemnul
Zin
The Shining One

Annotations:
D:9 5 runed translucent doors
D:10 Zorot's ghost, novice DrVM


Innate Abilities, Weirdness & Mutations

You reflexively headbutt those who attack you in melee.
You have a pair of horns on your head.


Message History

Zorot's ghost hits you but does no damage.
You slash the wraith!
You destroy the wraith!
You slash Zorot's ghost!
You feel sick.
You are more poisoned. x2
Zorot's ghost hits you. Zorot's ghost burns you.
You slice Zorot's ghost!! You headbutt Zorot's ghost.
Zorot's ghost is severely damaged.
You feel very sick.
You are more poisoned.
Zorot's ghost casts a spell.
Zorot's ghost ignites the poison in its surroundings!
The poison in your system burns!
* * * LOW HITPOINT WARNING * * *
You are no longer poisoned.
Zorot's ghost says, "The agents of utter destruction are not stopped by death."
Zorot's ghost hits you.
* * * LOW HITPOINT WARNING * * *
Zorot's ghost burns you.
You die...
Your body crumbles into a pile of gold.

......# #...# #.# #.# ......#
#...# #.# #.# ......# #...# #.#
#.# ......# #...# #.# #.# ......#
#...# #.# #.# ......#
#...######## #.# ......#
#...#.#.#.# #.# ...>..#
#..$#.....# #.# ......#
#..@WW..$8# #.# ......#
#.$$'...:.######.###
......########...'...$8#.........
.................#.....#.........
################.#.#.#.##########
#########


You could see a wraith and Zorot's ghost (toxic aura).

Vanquished Creatures
  A two-headed ogre (D:8)
  An unseen horror (D:10)
  An ugly thing (D:10)
  Joseph (D:10)
  A troll (D:10)
  Prince Ribbit (D:5)
  A hippogriff (D:7)
  A shadow (D:10)
  4 wraiths (D:10)
  A hungry ghost (D:10)
  7 yaks (D:10)
  Grum (D:8)
  2 sky beasts
  2 phantoms
  4 ogres
  2 orc warriors
  A necrophage (D:5)
  An ice beast (D:8)
  2 eyes of draining
  3 centaurs
  4 wolves (D:8)
  2 big kobolds (D:9)
  A wyvern zombie (D:6)
  8 bullfrogs
  A wyvern skeleton (D:6)
  6 scorpions
  15 killer bees
  3 howler monkeys
  4 crimson imps
  A centaur zombie (D:5)
  A bullfrog zombie (D:6)
  3 orc priests
  A gnoll shaman (D:10)
  5 hounds
  5 jellies
  8 orc wizards
  2 bullfrog skeletons
  Jessica (D:3)
  Ijyb (D:5)
  An iguana (D:10)
  2 worker ants
  A hound zombie (D:5)
  A hound skeleton (D:4)
  A howler monkey zombie (D:8)
  3 worker ant zombies
  5 gnolls (D:10)
  13 adders
  6 oozes
  An adder zombie (D:5)
  An adder skeleton (D:6)
  2 worms
  A dart slug (D:1)
  4 leopard geckos
  17 orcs
  A ball python (D:5)
  6 bats
  A giant cockroach (D:4)
  3 goblins
  6 hobgoblins
  4 jackals (D:8)
  17 kobolds
  2 quokkas
  5 frilled lizards
  2 leopard gecko zombies
  2 rats
218 creatures vanquished.

Notes
Turn   | Place    | Note
-------+----------+-------------------------------------------
     0 | D:1      | Flugslaktarn the Minotaur Fighter began the quest for the
                  | Orb.
     0 | D:1      | Reached XP level 1. HP: 19/19 MP: 0/0
   191 | D:1      | Reached XP level 2. HP: 25/27 MP: 1/1
   492 | D:2      | Reached skill level 3 in Axes
   515 | D:3      | Reached XP level 3. HP: 19/33 MP: 2/2
   682 | D:3      | Reached XP level 4. HP: 38/40 MP: 3/3
   890 | D:3      | Noticed Jessica
   899 | D:3      | Killed Jessica
   899 | D:3      | Reached skill level 4 in Axes
  1182 | D:3      | Reached XP level 5. HP: 46/47 MP: 4/4
  1627 | D:4      | Noticed an ogre
  1634 | D:4      | Killed an ogre
  1634 | D:4      | Reached skill level 5 in Axes
  1634 | D:4      | Reached XP level 6. HP: 20/55 MP: 5/5
  1856 | D:4      | Reached skill level 5 in Fighting
  2075 | D:4      | Reached skill level 5 in Armour
  2075 | D:4      | Reached skill level 5 in Shields
  2387 | D:5      | Entered Level 5 of the Dungeon
  2389 | D:5      | Noticed a sky beast
  2395 | D:5      | Killed a sky beast
  2395 | D:5      | Reached skill level 6 in Axes
  2456 | D:5      | Reached XP level 7. HP: 56/61 MP: 6/6
  2803 | D:5      | Noticed Prince Ribbit
  2815 | D:5      | Noticed Ijyb
  2826 | D:5      | Killed Ijyb
  2854 | D:5      | Killed Prince Ribbit
  2854 | D:5      | Reached skill level 7 in Axes
  3343 | D:6      | Reached XP level 8. HP: 70/70 MP: 7/7
  3406 | D:6      | Reached skill level 8 in Axes
  3714 | D:6      | Found a staircase to the Ecumenical Temple.
  3744 | Temple   | Entered the Ecumenical Temple
  3854 | Temple   | Became a worshipper of Gozag Ym Sagoz the Greedy
  4394 | D:7      | Noticed a hippogriff
  4400 | D:7      | Killed a hippogriff
  4400 | D:7      | Reached skill level 9 in Axes
  4950 | D:8      | Reached XP level 9. HP: 74/79 MP: 8/8
  4971 | D:8      | Noticed a two-headed ogre
  4987 | D:8      | Killed a two-headed ogre
  4987 | D:8      | Reached skill level 10 in Axes
  5111 | D:8      | Noticed Grum
  5148 | D:8      | Killed Grum
  5148 | D:8      | Reached skill level 11 in Axes
  5395 | D:8      | Reached XP level 10. HP: 90/90 MP: 9/9
  5397 | D:8      | Got a crystal broad axe
  5398 | D:8      | Identified the +8 broad axe of the Lair of Beasts {vorpal,
                  | rN+ Dex+4} (You found it on level 8 of the Dungeon)
  5449 | D:8      | Found a glowing silver altar of Zin.
  5747 | D:9      | Found a runed translucent door.
  5749 | D:9      | Found a runed translucent gate.
  5751 | D:9      | Found a runed translucent gate.
  5756 | D:9      | Found the +9 staff of Olgreb {rPois∞}
  6383 | D:9      | Found a runed translucent gate.
  6399 | D:9      | Found a runed translucent door.
  6645 | D:10     | Entered Level 10 of the Dungeon
  6656 | D:10     | Noticed a cyan ugly thing
  6661 | D:10     | Noticed Joseph
  6665 | D:10     | Killed a cyan ugly thing
  6668 | D:10     | Reached skill level 12 in Axes
  6684 | D:10     | Killed Joseph
  7175 | D:10     | Reached XP level 11. HP: 99/99 MP: 10/10
  7224 | D:10     | Killed an unseen horror
  7224 | D:10     | Reached skill level 10 in Shields
  7290 | D:10     | Found a staircase to the Lair.
  7390 | D:10     | Reached skill level 10 in Armour
  7424 | D:10     | Reached skill level 10 in Fighting
  7540 | D:10     | Found a runed translucent gate.
  7541 | D:10     | Found a runed translucent gate.
  7542 | D:10     | Found a runed translucent gate.
  7544 | D:10     | Noticed Zorot's ghost (novice DrVM)
  7740 | D:10     | Reached skill level 13 in Axes
  7746 | D:10     | HP: 1/99 [Zorot's ghost (6)]
  7746 | D:10     | Slain by Zorot's ghost

Illustrated notes

Levels and vault maps discovered:
D:1:      wander_arrival_chamber, layout_rooms
D:2:      layout_basic, uniq_robin
D:3:      layout_loops_corners, minmay_vboxes, uniq_jessica
D:4:      layout_loops_ring
D:5:      layout_rooms, first_ration, uniq_prince_ribbit1, uniq_ijyb
D:6:      layout_loops_ring, minmay_temple_entry_gardened_gates
D:7:      layout_basic
D:8:      layout_cave_pools, lemuel_doored_altar, uniq_grum
D:9:      layout_long_grid, hangedman_little_slice_of_home,
          minmay_guarded_unrand_staff_of_olgreb
D:10:     layout_long_grid, lair_entry_dummy, gammafunk_ghost_spectres,
          uniq_joseph
Temple:   regret_index_temple_sigil_plot

Skill      XL: |  1  2  3  4  5  6  7  8  9 10 11 |
---------------+----------------------------------+-----
Axes           | 3 4 5 6 7 9 11 12 13 | 13.1
Fighting       | 4 5 6 7 8 9 10 | 10.1
Shields        | 4 5 6 7 8 9 10 | 10.2
Armour         | 4 5 6 7 8 9 10 | 10.1

Action                   |  1- 3 |  4- 6 |  7- 9 | 10-12 || total
-------------------------+-------+-------+-------+-------++-------
Melee: War axe           |    57 |   121 |   213 |       ||   391
       Headbutt          |     6 |    23 |    35 |    34 ||    98
       Broad axe         |       |       |       |   164 ||   164
  Use: Scroll            |       |       |    14 |     7 ||    21
       Potion            |       |       |     2 |       ||     2
 Stab: Distracted        |       |       |     1 |     2 ||     3
  Eat: Chunk             |       |     5 |     1 |       ||     6
       Ration            |       |       |     3 |     2 ||     5
Armor: Scale mail        |     2 |       |       |       ||     2
       Plate armour      |    31 |    77 |   167 |   111 ||   386
Dodge: Dodged            |    14 |    14 |    51 |    20 ||    99
Block: Kite shield       |    25 |    72 |   157 |    96 ||   350

Table legend:
 A = Non-vault XP
 B = Vault XP
 C = Vault XP percentage of total XP
 D = Non-vault monster count
 E = Vault monster count
 F = Vault count percentage of total count
                 A         B        C        D         E       F
            +---------+---------+-------+---------+---------+-------
      Total |   10797 |    2689 |  19.9 |     189 |      29 |  13.3
            +---------+---------+-------+---------+---------+-------
        D:1 |      19 |       0 |   0.0 |      11 |       0 |   0.0
        D:2 |       7 |       0 |   0.0 |       2 |       0 |   0.0
        D:3 |     169 |      73 |  30.2 |      24 |       8 |  25.0
        D:4 |     316 |       0 |   0.0 |      12 |       0 |   0.0
        D:5 |     512 |     327 |  39.0 |      10 |       2 |  16.7
        D:6 |     936 |       0 |   0.0 |      17 |       0 |   0.0
        D:7 |     410 |       0 |   0.0 |       6 |       0 |   0.0
        D:8 |    2241 |     629 |  21.9 |      33 |       5 |  13.2
        D:9 |    1700 |     161 |   8.7 |      33 |       8 |  19.5
       D:10 |    4487 |    1499 |  25.0 |      41 |       6 |  12.8
            +---------+---------+-------+---------+---------+-------
